 Dungeon Sprint DCSS version 0.19.3-4-gbf9329e (webtiles) character file.

1056 Kagutsuchi the Fighter (level 8, -12/83 HPs)
             Began as a Red Draconian Berserker on Jan 28, 2017.
             Was an Elder of Trog.
             Mangled by a neqoxec (13 damage)
             ... in the Dungeon (Sprint II: "The Violet Keep of Menkaure").
             The game lasted 00:01:20 (685 turns).

Kagutsuchi the Fighter (Red Draconian Berserker)     Turns: 685, Time: 00:01:21

Health: -12/83     AC:  6    Str: 17    XL:     8   Next: 6%
Magic:  8/8        EV: 17    Int:  8    God:    Trog [****..]
Gold:   729        SH:  0    Dex: 13    Spells: 0 memorised, 7 levels left

rFire  + . .     SeeInvis .     a - +0 falchion
rCold  . . .     Gourm    .     (armour unavailable)
rNeg   . . .     Faith    .     (no shield)
rPois  .         Spirit   .     (helmet restricted)
rElec  .         Reflect  .     (no cloak)
rCorr  .         Harm     .     (no gloves)
MR     .....     NoTele   +     (no boots)
Stlth  +.........               (no amulet)
                                (no ring)
                                (no ring)

@: exhausted, slowed, very slow
A: breathe fire, unfitting armour, deterioration 1, fire resistance 1, weak 1,
cold-blooded, AC +6
a: Breathe Fire, Berserk, Trog's Hand, Brothers in Arms, Burn Spellbooks,
Renounce Religion


You were in the Dungeon.
You worshipped Trog.
Trog was greatly pleased with you.
You were not hungry.

You visited 1 branch You collected 729 gold pieces.

Inventory:

Hand Weapons
 a - a +0 falchion (weapon)
 i - a +0 spear
Scrolls
 h - a scroll of blinking
Potions
 e - a potion of haste
 f - 2 potions of magic
 g - a potion of berserk rage


   Skills:
 + Level 11.7 Fighting
 + Level 11.0 Long Blades
 + Level 9.2 Dodging
 + Level 0.2 Stealth


You had 7 spell levels left.
You didn't know any spells.

Dungeon Overview and Level Annotations

Branches:
Dungeon (1/1)

Altars:


Innate Abilities, Weirdness & Mutations

You can breathe blasts of fire.
Your fiery red scales are hard. (AC +6)
You cannot fit into any form of body armour.
Your flesh is heat resistant. (rF+)
You are cold-blooded and may be slowed by cold attacks.
Your body sometimes deteriorates upon taking damage.
You are weak. (Str -2)


Message History

Strange energies course through your body.
You feel yourself wasting away.
You hit the neqoxec.
The neqoxec is lightly wounded.
The shadow imp barely misses you.
You riposte.
You slash the shadow imp!
The shadow imp is severely wounded.
The neqoxec hits you.
* * * LOW HITPOINT WARNING * * *
The crimson imp closely misses you.
You hit the neqoxec. You tail-slap the neqoxec.
The neqoxec is moderately wounded.
The shadow imp disappears in a puff of smoke!
The iron imp disappears in a puff of smoke!
The neqoxec hits you.
* * * LOW HITPOINT WARNING * * *
The crimson imp hits you but does no damage.
You barely miss the neqoxec.
The neqoxec is moderately wounded.
The neqoxec hits you!
You die...

## #...#### #
##.###'###.# .#
#...##.##.###..#
#÷'.<.'##.'..#
#...##.##...#....#
##.###'###.##
...§§ ####.######
..§. #5##..# ≈..
##@§.# ≈. ##3## ≈
5§≈ #§'§# §§§≈#
§§§§≈# 8§§§§≈+
§§§§§##


You could see an obsidian statue, a neqoxec, a crimson imp and a shadow imp.

Vanquished Creatures
  A siren (D)
  3 neqoxecs (D)
  4 necrophages (D)
  3 worms (D)
11 creatures vanquished.

Vanquished Creatures (others)
  Menkaure (D)
  A crocodile (D)
2 creatures vanquished.

Grand Total: 13 creatures vanquished

Notes
Turn   | Place    | Note
-------+----------+-------------------------------------------
     0 | D        | Kagutsuchi the Draconian Berserker began the quest for the Orb.
     0 | D        | Reached XP level 1. HP: 19/19 MP: 1/1
     1 | D        | Noticed a necrophage
     1 | D        | Noticed a necrophage
     1 | D        | Noticed a necrophage
     1 | D        | Noticed a necrophage
     8 | D        | Killed a necrophage
     8 | D        | Reached skill level 5 in Long Blades
     8 | D        | Reached skill level 5 in Dodging
     8 | D        | Reached XP level 2. HP: 25/31 MP: 2/2
     8 | D        | Reached XP level 3. HP: 31/38 MP: 3/3
     8 | D        | Reached XP level 4. HP: 37/45 MP: 4/4
    13 | D        | Killed a necrophage
    13 | D        | Reached XP level 5. HP: 41/52 MP: 5/5
    13 | D        | Killed a crocodile
    17 | D        | Killed a necrophage
    17 | D        | Reached ** piety under Trog
    29 | D        | Killed Menkaure
    39 | D        | Killed a necrophage
    39 | D        | Reached XP level 6. HP: 9/60 MP: 6/6
   398 | D        | Noticed a siren
   407 | D        | Killed a siren
   407 | D        | Reached skill level 10 in Fighting
   407 | D        | Reached skill level 10 in Long Blades
   407 | D        | Your scales start taking on a fiery red colour.
   407 | D        | Reached XP level 7. HP: 57/70 MP: 7/7
   407 | D        | Gained mutation: Your flesh is heat resistant. (rF+) [Red Draconian growth]
   549 | D        | Reached *** piety under Trog
   655 | D        | Noticed a neqoxec
   661 | D        | Killed a neqoxec
   663 | D        | Noticed a neqoxec
   664 | D        | Noticed a neqoxec
   664 | D        | Noticed a neqoxec
   664 | D        | Noticed an obsidian statue
   671 | D        | Killed a neqoxec
   671 | D        | Reached **** piety under Trog
   675 | D        | Gained mutation: You are weak. (Str -2) [a neqoxec]
   681 | D        | HP: 1/74 [neqoxec (12)]
   681 | D        | Killed a neqoxec
   681 | D        | Reached XP level 8. HP: 1/83 MP: 8/8
   682 | D        | Gained mutation: Your body sometimes deteriorates upon taking damage. [a neqoxec]
   685 | D        | Mangled by a neqoxec

Skill      XL: |  1  2  3  4  5  6  7 |
---------------+----------------------+-----
Fighting       | 6 7 9 10 11 | 11.7
Long Blades    | 5 6 8 10 11 | 11.0
Dodging        | 5 6 7 8 9 |  9.2
Stealth        | |  0.2

Action                   |  1- 3 |  4- 6 |  7- 9 || total
-------------------------+-------+-------+-------++-------
Melee: Falchion          |     6 |    37 |    36 ||    79
       Tailslap          |       |     5 |    10 ||    15
Invok: Berserk           |     1 |     1 |     2 ||     4
  Use: Potion            |       |       |     2 ||     2
  Eat: Bread ration      |       |       |     1 ||     1
Armor: Skin              |     1 |     4 |     6 ||    11
Dodge: Dodged            |       |    30 |    20 ||    50
       Rpst.: Falchion   |       |     7 |     7 ||    14
